 Dungeon Crawl Stone Soup version 0.31-a0-1242-g57893ffec4 (webtiles) character file.

Game seed: 1926263852708496637

4453 James the Grappler (level 10, -8/153 HPs)
             Began as a Troll Berserker on Dec 16, 2023.
             Was an Elder of Trog.
             Mangled by an orc warrior
             ... wielding a +0 halberd
              (11 damage)
             ... in a bailey.
             The game lasted 00:16:54 (6654 turns).

James the Grappler (Troll Berserker)                Turns: 6654, Time: 00:16:55

Health: -8/153     AC:  9    Str: 31    XL:     10   Next: 15%
Magic:  18/18      EV: 10    Int:  3    God:    Trog [****..]
Gold:   391        SH:  0    Dex:  9    Spells: 9/9 levels left

rFire   . .          .
                       - Unarmed
rCold   . . .        (no shield)
rNeg    . . .        o - +2 robe {Will+}
rPois   .            K - +0 hat
rElec   .            q - +2 cloak
rCorr   .            (gloves unavailable)
SInv    .            (boots unavailable)
Will    ++++.        A - amulet of the acrobat Stlth
                     v - ring of magical power
HPRegen 2.25/turn    L - ring of willpower
MPRegen 0.16/turn

%: acrobat
@: berserking, strong-willed, regenerating, very quick
A: large, unfitting armour, claws 3, regeneration 1, shaggy fur 1, tough skin 1
a: Renounce Religion, Berserk, Trog's Hand, Brothers in Arms


You were in a bailey.
You worshipped Trog.
Trog was greatly pleased with you.
You visited 1 branch of the dungeon, and saw 8 of its levels.
You also visited: Bailey.

You collected 391 gold pieces.

Inventory:

Hand Weapons
 b - a +1 sling
   (You took it off a goblin on level 1 of the Dungeon)
 D - a +0 trident
   (You took it off an orc on level 6 of the Dungeon)
 F - a +0 dagger of venom
   (You took it off Ijyb on level 3 of the Dungeon)
 N - a +1 spear of flaming
   (You found it on level 8 of the Dungeon)
Missiles
 g - 91 stones (quivered)
Armour
 a - a +0 animal skin
 h - a +0 animal skin
   (You took it off Robin on level 2 of the Dungeon)
 i - a +0 robe
   (You found it on level 2 of the Dungeon)
 o - a +2 robe of willpower (worn)
   (You took it off Jessica on level 3 of the Dungeon)
 q - a +2 cloak (worn)
   (You found it on level 3 of the Dungeon)
 B - a +0 robe
   (You took it off an orc wizard on level 6 of the Dungeon)
 C - an orb of mayhem
   (You found it on level 6 of the Dungeon)
 J - a +0 robe
   (You took it off an orc wizard on level 7 of the Dungeon)
 K - a +0 hat (worn)
   (You found it on level 7 of the Dungeon)
Jewellery
 r - an amulet of faith {!P}
   (You found it on level 3 of the Dungeon)
 v - a ring of magical power (left claw)
   (You found it on level 3 of the Dungeon)
 A - an amulet of the acrobat (around neck)
   (You took it off an orc on level 5 of the Dungeon)
 L - a ring of willpower (right claw)
   (You found it on level 7 of the Dungeon)
Talismans
 x - a flux talisman
   (You found it on level 4 of the Dungeon)
 y - a serpent talisman
   (You found it on level 5 of the Dungeon)
 I - a blade talisman
   (You found it on level 7 of the Dungeon)
Wands
 d - a wand of roots (17)
   (You found it on level 6 of the Dungeon)
 t - a wand of flame (2)
   (You took it off Ijyb on level 3 of the Dungeon)
 u - a wand of paralysis (4)
   (You found it on level 6 of the Dungeon)
 M - a wand of mindburst (8)
   (You found it on level 8 of the Dungeon)
Scrolls
 f - a scroll of fear {unknown}
 j - 2 scrolls of enchant weapon
 k - 3 scrolls of enchant armour {unknown}
 m - 2 scrolls of vulnerability {!r}
 n - a scroll of noise {unknown}
 p - a scroll of amnesia {unknown}
 s - a scroll of blinking {unknown}
 w - a scroll of teleportation {unknown}
Potions
 c - 2 potions of mutation {!q}
 e - 7 potions of curing {@q1}
 l - 4 potions of invisibility
 z - 3 potions of heal wounds {unknown}
 E - 3 potions of lignification {unknown}
 G - a potion of degeneration {unknown}
 H - a potion of resistance {unknown}


   Skills:
 - Level 7.0 Fighting
 - Level 3.0 Dodging
 - Level 10.0 Unarmed Combat
 + Level 7.4 Shapeshifting


You had 9 spell levels left.
You didn't know any spells.
Your spell library was empty.

Dungeon Overview and Level Annotations

Branches:
Dungeon (8/15)             Temple (0/1) D:7          Bailey (1/1)
   Lair: D:8-11

Altars:
Ashenzari
Dithmenos
Qazlal
Ru
Sif Muna
Xom
Yredelemnul
Zin
The Shining One

Shops:
D:7 !

Annotations:
D:7 1 exclusion
D:8 1 runed translucent door, Pascal76's ghost, journeyman MiFi


Innate Abilities, Weirdness & Mutations

You are too large for most types of armour.
You have claws for hands.
Your natural rate of healing is unusually fast.
You are covered in fur. (AC +1)
You have tough skin. (AC +1)


Message History

Unknown command.
A red film seems to cover your vision as you go berserk!
You feel yourself moving faster!
You feel mighty!
An orc warrior comes into view. It is wielding a +0 halberd.
The orc warrior hits you from afar with a +0 halberd!!
* * * LOW HITPOINT WARNING * * *
The orc knight hits you with a +0 bardiche!
* * * LOW HITPOINT WARNING * * *
You scratch the orc knight but do no damage.
The orc warrior hits you from afar with a +0 halberd.
* * * LOW HITPOINT WARNING * * *
The orc knight closely misses you.
You mangle the orc knight!! Your claw misses the orc knight.
You hear a shout!
Unknown command.
You closely miss the orc knight. Your claw misses the orc knight.
The orc warrior closely misses you.
The orc knight hits you with a +0 bardiche!
* * * LOW HITPOINT WARNING * * *
You closely miss the orc knight.
Unknown command.
You barely miss the orc knight. The orc warrior closely misses you.
The orc knight roars a battlecry!
The orc warrior goes into a battle-frenzy!
Unknown command.
You claw the orc knight!
You feel the power of Trog in you as your rage grows.
You kill the orc knight!
Trog accepts your kill.
Training target 7.0 for Shapeshifting reached!
Your Shapeshifting skill increases to level 7!
You need to enable at least one skill for training.
The orc warrior misses you.
Items here: )))) [[[[ †.
Unknown command.
You closely miss the orc warrior.
The orc warrior hits you with a +0 halberd!!
* * * LOW HITPOINT WARNING * * *
You mangle the orc warrior!!
You kill the orc warrior!
Trog accepts your kill. The orc warrior completely misses you.
You claw the orc warrior! You barely miss the orc warrior.
The orc warrior hits you with a +0 halberd!
* * * LOW HITPOINT WARNING * * *
You scratch the orc warrior. Your claw misses the orc warrior.
An orc warrior comes into view. It is wielding a +0 spear.
The orc warrior hits you with a +0 halberd!
You die...

♣♣≈≈≈≈≈♣♣♣..##
#♣.≈≈≈≈≈♣♣....#
#...≈≈≈≈≈♣..####
##.♣..≈≈≈≈♣..#..########
##.....≈≈≈≈...#.........o
....♣..≈≈≈≈.♣.##..o..o...
.......≈≈≈≈....#).######
......######...#)8# .
...............#@.#
...............)o.#
......).....)).'..#
.....)........)#..#
.....)######...#.8#
....♣..≈≈≈≈....#..#
...♣♣..≈≈≈≈...##...
##.....≈≈≈≈...#.....
####..≈≈≈≈≈..#$.####


You could see 2 orc warriors.

Vanquished Creatures
  An orc knight (Bailey)
  A vampire (D:6)
  3 water moccasins
  2 ice beasts
  2 black bears
  11 orc warriors
  A sky beast (D:6)
  3 ogres
  A centaur (D:7)
  A phantom (D:6)
  4 bullfrogs
  3 scorpions
  4 howler monkeys
  4 hounds
  2 jellies
  9 orc priests
  3 sleepcaps
  Jessica (D:3)
  Ijyb (D:3)
  5 orc wizards
  5 iguanas
  Robin (D:2)
  7 adders
  A shadow imp (D:6)
  4 white imps
  5 ufetubi
  4 worms
  34 orcs
  9 ball pythons
  4 endoplasms
  2 giant cockroaches (D:2)
  7 hobgoblins
  4 quokkas
  3 bats
  3 frilled lizards
  10 goblins
  4 kobolds
  4 rats
173 creatures vanquished.

Notes
Turn   | Place    | Note
-------+----------+-------------------------------------------
     0 | D:1      | James the Troll Berserker began the quest for the Orb.
     0 | D:1      | Reached XP level 1. HP: 22/22 MP: 0/0
   444 | D:1      | Reached XP level 2. HP: 23/29 MP: 1/1
   530 | D:2      | Noticed Robin
   549 | D:1      | Reached skill level 4 in Unarmed Combat
   558 | D:2      | Identified the +1 ring mail of Hugheden {rF+ Will- Str+3
                  | SInv}
   688 | D:1      | Reached XP level 3. HP: 10/36 MP: 2/2
   743 | D:2      | Killed Robin
   809 | D:2      | Reached ** piety under Trog
  1097 | D:2      | Reached XP level 4. HP: 44/44 MP: 3/3
  1249 | D:3      | Noticed a scorpion
  1256 | D:3      | Killed a scorpion
  1257 | D:3      | Reached skill level 5 in Unarmed Combat
  1311 | D:3      | Noticed Jessica
  1315 | D:3      | Killed Jessica
  1316 | D:3      | Reached XP level 5. HP: 41/50 MP: 4/4
  1350 | D:3      | Reached skill level 6 in Unarmed Combat
  1560 | D:3      | Noticed Ijyb
  1566 | D:3      | Killed Ijyb
  2111 | D:4      | Noticed a black bear
  2120 | D:4      | Killed a black bear
  2121 | D:4      | Reached skill level 7 in Unarmed Combat
  2121 | D:4      | Reached XP level 6. HP: 58/59 MP: 5/5
  2672 | D:5      | Entered Level 5 of the Dungeon
  2691 | D:5      | Found a broken altar of Ashenzari.
  2710 | D:5      | Reached *** piety under Trog
  2796 | D:5      | Reached skill level 8 in Unarmed Combat
  2853 | D:5      | Reached XP level 7. HP: 66/66 MP: 6/6
  3228 | D:5      | Found a glowing silver altar of Zin.
  3297 | D:5      | Reached skill level 9 in Unarmed Combat
  3319 | D:5      | Found a stormy altar of Qazlal.
  4016 | D:6      | Reached XP level 8. HP: 60/74 MP: 7/7
  4039 | D:6      | Reached skill level 10 in Unarmed Combat
  4149 | D:6      | Found a sacrificial altar of Ru.
  4191 | D:6      | Found a basalt altar of Yredelemnul.
  4304 | D:6      | Found a glowing golden altar of the Shining One.
  4449 | D:6      | Reached skill level 5 in Fighting
  4605 | D:6      | Reached XP level 9. HP: 89/89 MP: 8/8
  5156 | D:7      | Reached skill level 1 in Shapeshifting
  5163 | D:7      | Found Muyv's Distillery.
  5164 | D:7      | Found a staircase to the Ecumenical Temple.
  5168 | D:7      | Reached **** piety under Trog
  5645 | D:7      | Found a shadowy altar of Dithmenos.
  6014 | D:7      | Found a shimmering altar of Xom.
  6059 | D:8      | Noticed Pascal76's ghost (journeyman MiFi)
  6081 | D:8      | Found a runed translucent door.
  6151 | D:8      | Reached skill level 5 in Shapeshifting
  6154 | D:8      | Found a shimmering blue altar of Sif Muna.
  6370 | D:8      | Found a flagged portal.
  6393 | Bailey   | Entered a bailey
  6632 | Bailey   | Noticed an orc knight
  6634 | Bailey   | Reached XP level 10. HP: 102/102 MP: 9/9
  6647 | Bailey   | Killed an orc knight
  6653 | Bailey   | HP: 1/153 [orc warrior/+0 halberd (15)]
  6654 | Bailey   | Mangled by an orc warrior

Illustrated notes

Levels and vault maps discovered:
D:1:      erik_arrival_orb_chamber, layout_basic
D:2:      layout_rooms, wander_ebering_terrifying_dragon_lair, uniq_robin
D:3:      layout_basic, uniq_jessica, uniq_ijyb
D:4:      layout_basic, amethyst_killhole
D:5:      layout_layer_cave, marbit_many_paths,
          mainiacjoe_overflow_catch_the_wave
D:6:      layout_loops_corners, mainiacjoe_overflow_cross_hatched,
          mainiacjoe_overflow_boulevard, general_overflow_altar,
          grunt_ministairs_12, st_stairs_12, hangedman_decor_push,
          minmay_divided_ellipse
D:7:      layout_basic, kennysheep_mini,
          nicolae_dithmenos_through_a_glass_darkly,
          minmay_temple_entry_proselytizer, serial_shops, shop,
          due_unseen_surprise
D:8:      layout_gridville, nicolae_sif_muna_condensation, enter_bailey_2,
          hellmonk_ghost_big_iron, uniq_pikel
Bailey:   bailey_polearm_elven_captive_hellmonk, bailey

Skill      XL: |  1  2  3  4  5  6  7  8  9 10 |
---------------+-------------------------------+-----
Unarmed Combat | 4 5 7 8 9 10 | 10.0
Fighting       | 6 7 |  7.0
Dodging        | 3 |  3.0
Shapeshifting  | 6 7 |  7.4

Action                     |  1- 3 |  4- 6 |  7- 9 | 10-12 || total
---------------------------+-------+-------+-------+-------++-------
  Melee: Unarmed           |   106 |   105 |   283 |    14 ||   508
         Punch             |     2 |     3 |     8 |     1 ||    14
  Throw: Stone             |       |     5 |       |       ||     5
 Invoke: Berserk           |       |       |     1 |     1 ||     2
         Trog's Hand       |       |       |     1 |     1 ||     2
  Evoke: Wand              |       |     4 |     5 |       ||     9
    Use: Scroll            |       |       |     5 |       ||     5
   Stab: Sleeping          |       |     1 |       |       ||     1
 Armour: Animal skin       |    91 |     9 |       |       ||   100
         Robe              |       |    72 |   195 |    12 ||   279
  Dodge: Dodged            |    73 |    53 |   136 |     9 ||   271

Table legend: (Time is in decaauts)
 A = Elapsed time spent in this place.
 B = Non-inter-level travel time spent in this place.
 C = Inter-level travel time spent in this place.
 D = Time resting spent in this place.
 E = Time spent auto-exploring this place.
 F = Levels seen in this place.
 G = Mean time per level.
                   A        B        C        D        E       F      G
               +--------+--------+--------+--------+--------+-----+--------+
         Total |   6582 |   6227 |    355 |    233 |   4378 |   9 |  731.3 |
       Dungeon |   6334 |   5979 |    355 |    193 |   4372 |   8 |  791.8 |
        Bailey |    248 |    248 |      0 |     40 |      6 |   1 |  248.0 |
               +--------+--------+--------+--------+--------+-----+--------+

Top non-repeatable levels by time:
     D:6: 1248 daAuts
     D:5: 1142 daAuts
     D:7: 879 daAuts
     D:4: 824 daAuts
     D:1: 710 daAuts
     D:3: 668 daAuts
     D:2: 506 daAuts
     D:8: 355 daAuts
  Bailey: 248 daAuts
